 Dungeon Crawl Stone Soup version 0.26.1-11-gd32895ea62 (webtiles) character file.

Game seed: 15301983846528371495

17766 hawla the Basher (level 12, -4/114 HPs)
             Began as a Pale Draconian Conjurer on July 4, 2021.
             Was an Elder of Vehumet.
             Slain by a large slime creature (20 damage)
             ... on level 13 of the Dungeon.
             The game lasted 00:48:53 (18562 turns).

hawla the Basher (Pale Draconian Conjurer)         Turns: 18562, Time: 00:48:54

Health: -4/114     AC: 26    Str: 10    XL:     12   Next: 21%
Magic:  0/23       EV:  2    Int: 22    God:    Vehumet [****..]
Gold:   578        SH:  0    Dex: 17    Spells: 14/26 levels left

rFire    + . .     SeeInvis .   i - +3 whip (pain)
rCold    . . .     Faith    .   (no shield)
rNeg     + + +     Spirit   .   (armour unavailable)
rPois    +         Reflect  .   (helmet currently unavailable)
rElec    .         Harm     .   (cloak currently unavailable)
rCorr    .         Rampage  .   (gloves currently unavailable)
Will     .....     NoTele   +   (boots currently unavailable)
Stlth    +++.......             (no amulet)
HPRegen  0.29/turn              z - +6 ring of dexterity
MPRegen  0.18/turn              k - ring of protection from fire

@: tree-form
A: (breathe steam), unfitting armour, frail 1, wild magic 1, AC +8
a: Renounce Religion


You were on level 13 of the Dungeon.
You worshipped Vehumet.
Vehumet was greatly pleased with you.
You were a tree.
You visited 2 branches of the dungeon, and saw 14 of its levels.
You also visited: Bailey.

You collected 934 gold pieces.
You spent 356 gold pieces at shops.

Inventory:

Hand Weapons
 i - a +3 whip of pain (weapon)
 u - the +9 great mace of the Glimmering Wolf {flame, rC+ Int+6 Dex-5}
   (You bought it in a shop on level 6 of the Dungeon)

   It has been specially enchanted to burn those struck by it, causing extra
   injury to most foes and up to half again as much damage against particularly
   susceptible opponents.
   It affects your intelligence (+6).
   It affects your dexterity (-5).
   It protects you from cold.
Missiles
 o - 47 boomerangs
 y - 5 javelins
 B - 20 poisoned darts (quivered)
Armour
 a - a +0 pair of boots (melded)
 j - a +0 pair of gloves (melded)
 p - a +0 cloak (melded)
 G - a scarf of invisibility
Magical Staves
 f - an uncursed staff of cold
Jewellery
 b - a +6 ring of dexterity
 h - an uncursed ring of willpower
 k - a ring of protection from fire (right branch)
 z - a +6 ring of dexterity (left branch)
 F - an uncursed amulet of guardian spirit {unknown}
 I - a +4 ring of evasion
Wands
 c - a wand of polymorph (5)
 n - a wand of disintegration (13)
 q - a wand of digging (1)
 x - a wand of acid (6)
 D - a wand of random effects (13)
 J - a wand of flame (23)
Scrolls
 s - 2 scrolls of fog
 v - 2 scrolls of remove curse
 w - a scroll of amnesia
 C - 2 scrolls of enchant armour
 K - a scroll of enchant weapon
 L - a scroll of magic mapping
 M - a scroll of identify
Potions
 d - 2 potions of attraction
 e - 2 potions of might
 g - 4 potions of flight
 l - 3 potions of resistance
 m - a potion of berserk rage
 r - 2 potions of haste
 t - 2 potions of lignification
 A - 2 potions of mutation
 E - a potion of curing
 H - a potion of heal wounds


   Skills:
 + Level 1.8 Fighting
 + Level 10.7 Maces & Flails
 + Level 1.1(6.9) Staves
 + Level 1.8 Throwing
 - Level 7.0 Dodging
 + Level 5.5 Stealth
 + Level 7.9 Spellcasting
 + Level 9.8 Conjurations
 + Level 1.6 Necromancy
 + Level 6.6 Translocations
 - Level 2.0 Fire Magic
 - Level 1.0 Evocations


You had 14 spell levels left.
You knew the following spells:

 Your Spells              Type           Power        Failure   Level
a - Magic Dart            Conj           100%         1%          1
b - Searing Ray           Conj           100%         1%          2
c - Iskenderun's Mystic   Conj/Tloc      55%          1%          4
d - Blink                 Tloc           N/A          1%          2
e - Conjure Flame         Conj/Fire      45%          1%          3

Your spell library contained the following spells:

 Spells                   Type           Power        Failure   Level
 Bolt of Magma            Conj/Fire/Erth 16%          14%         5
 Foxfire                  Conj/Fire      100%         1%          1
 Shock                    Conj/Air       100%         1%          1
 Dazzling Flash           Conj/Hex       78%          1%          3
 Static Discharge         Conj/Air       39%          1%          3
 Mephitic Cloud           Conj/Pois/Air  30%          2%          3
 Fulminant Prism          Conj/Hex       19%          4%          4
 Ignite Poison            Fire/Tmut/Pois 15%          7%          3
 Sting                    Tmut/Pois      44%          12%         1
 Call Imp                 Summ           11%          17%         2
 Poisonous Vapours        Pois/Air       22%          17%         2
 Slow                     Hex            11%          17%         2
 Olgreb's Toxic Radiance  Pois           11%          24%         4


Dungeon Overview and Level Annotations

Branches:
Dungeon (13/15)            Temple (1/1) D:7            Lair (0/6) D:11
    Orc (0/2) D:10         Bailey (visited)
 Vaults: D:13-14

Altars:
Ashenzari
Cheibriados
Dithmenos
Elyvilon
Fedhas
Gozag
Hepliaklqana
Kikubaaqudgha
Makhleb
Nemelex Xobeh
Okawaru
Qazlal
Ru
Sif Muna
Trog
Uskayaw
Vehumet
Wu Jian
Xom
Yredelemnul
Zin
The Shining One

Shops:
D:6 (   D:8 =

Portals:
Trove: D:10 (give +4 demon trident)

Annotations:
D:6 3 runed translucent doors, oc3rt's ghost, novice KoHu


Innate Abilities, Weirdness & Mutations

((You can breathe blasts of scalding, opaque steam.))
((Your pale cyan-grey scales are hard. (AC +8)))
You cannot fit into any form of body armour.
((You are cold-blooded and may be slowed by cold attacks.))
((You have a pair of small antennae on your head.))
You are frail. (-10% HP)
Your spells are a little harder to cast, but a little more powerful.


Message History

The searing ray hits the ogre!
The ogre is heavily wounded.
The searing ray hits the ogre!
The ogre is moderately wounded. (Press . to maintain the ray.)
The kobold shouts!
The centaur shoots an arrow.
The arrow hits you but does no damage.
The yaktaur unwields a +0 arbalest.
The yaktaur hits you.
The kobold wields a +0 hand crossbow of freezing.
It is covered in frost.
The kobold shoots a bolt.
The bolt hits you but does no damage.
The kobold throws a stone.
The stone hits you but does no damage.
The yaktaur wields a +0 arbalest.
The yaktaur shoots a bolt.
The bolt hits you but does no damage.
The searing ray misses the ogre.
The searing ray hits the ogre!
The ogre is severely wounded.
The very large slime creature hits you!!
* * * LOW HITPOINT WARNING * * *
The yaktaur shoots a bolt.
The bolt hits you but does no damage. The large slime creature hits you!!
You die...

.K.. ## #.K# ##
.. #KK# .. # c
#..# O #.
#.#..#.# .
#c.##.#..#.##O.
#......O...#
#####.#♣O#.####
......cJJ......
.....)oo.c.....
#####.#).#.####
#.......cc.#
#.o##.#..#.##..
#. #.#..#.# . #
. #..# . ..
#..# ..


You could see an orc knight, a very large slime creature, a large slime
creature, a centaur warrior, 3 yaktaurs, 3 ogres, 2 centaurs, an orc (strong)
and 4 kobolds.

Vanquished Creatures
  A boulder beetle (D:10)
  4 two-headed ogres
  An orc knight (Bailey)
  An ugly thing (D:12)
  A guardian serpent (D:12)
  Maurice (D:8)
  A komodo dragon (D:12)
  Prince Ribbit (D:5)
  7 trolls
  2 slime creatures (D:12)
  2 hornets
  Sigmund (D:6)
  4 yaks (D:12)
  3 vampire mosquitoes (D:12)
  Edmund (D:5)
  Menkaure (D:6)
  A water moccasin (D:7)
  Duvessa (D:5)
  3 black bears
  4 sky beasts
  8 orc warriors
  4 ice beasts
  6 phantoms
  A necrophage (D:9)
  7 ogres
  An eye of draining (D:8)
  10 centaurs
  Blork the orc (D:5)
  2 big kobolds
  9 bullfrogs
  2 gnoll sergeants
  3 wyvern zombies
  Dowan (D:5)
  4 scorpions
  3 killer bees (D:10)
  29 wights
  3 howler monkeys
  2 centaur zombies
  A bullfrog zombie (D:6)
  5 hounds
  2 bullfrog skeletons
  Crazy Yiuf (D:6)
  5 orc priests
  2 centaur skeletons
  5 jellies
  6 iguanas
  14 orc wizards
  2 hell rats (D:7)
  6 worker ants
  A hound skeleton (D:10)
  18 gnolls
  8 adders
  6 river rats (D:7)
  4 shadow imps
  2 white imps
  2 ufetubi
  An ooze (D:6)
  2 adder skeletons
  3 worms
  A dart slug (D:1)
  8 leopard geckos
  45 orcs
  5 giant cockroaches
  13 goblins
  10 hobgoblins
  7 jackals
  10 quokkas
  A ball python (D:3)
  5 bats
  7 frilled lizards
  3 jackal skeletons
  31 kobolds
  3 leopard gecko skeletons
  2 leopard gecko zombies
  17 rats
401 creatures vanquished.

Vanquished Creatures (others)
  12 fungi (D:11)
  10 plants (D:11)
22 creatures vanquished.

Grand Total: 423 creatures vanquished

Notes
Turn   | Place    | Note
-------+----------+-------------------------------------------
     0 | D:1      | hawla the Draconian Conjurer began the quest for the Orb.
     0 | D:1      | Reached XP level 1. HP: 14/14 MP: 3/3
   382 | D:1      | Reached XP level 2. HP: 22/22 MP: 1/5
   393 | D:1      | Reached skill level 1 in Fighting
   486 | D:1      | Reached skill level 1 in Translocations
   569 | D:1      | Learned a level 2 spell: Searing Ray
   892 | D:1      | Reached XP level 3. HP: 8/28 MP: 1/6
  1814 | D:2      | Found a faded altar of an unknown god.
  1943 | D:2      | Found a snail-covered altar of Cheibriados.
  1953 | D:2      | Reached skill level 1 in Necromancy
  2266 | D:3      | Gained mutation: You do not regenerate when monsters are
                  | visible. [potion of mutation]
  2266 | D:3      | Gained mutation: You have a pair of small horns on your
                  | head. [potion of mutation]
  2266 | D:3      | Gained mutation: You tend to lose your temper in combat.
                  | [potion of mutation]
  2266 | D:3      | Gained mutation: You are agile. (Dex +2) [potion of
                  | mutation]
  2324 | D:3      | Reached XP level 4. HP: 35/35 MP: 7/7
  2375 | D:3      | Learned a level 4 spell: Iskenderun's Mystic Blast
  2450 | D:3      | Reached skill level 5 in Conjurations
  3486 | D:4      | Reached XP level 5. HP: 36/40 MP: 8/8
  3616 | D:4      | Noticed a phantom
  3634 | D:4      | Killed a phantom
  3635 | D:4      | Reached XP level 6. HP: 37/47 MP: 1/9
  3880 | D:4      | Reached skill level 1 in Maces & Flails
  4564 | D:4      | Reached skill level 2 in Maces & Flails
  4564 | D:4      | Your scales start taking on a pale cyan-grey colour.
  4564 | D:4      | Reached XP level 7. HP: 43/52 MP: 6/10
  4788 | D:5      | Entered Level 5 of the Dungeon
  4791 | D:5      | Noticed Blork the orc
  4796 | D:5      | Noticed Dowan
  4797 | D:5      | Noticed Duvessa
  4878 | D:5      | Killed Blork the orc
  5085 | D:5      | Found an opulent altar of Gozag.
  5229 | D:5      | Noticed Edmund
  5234 | D:5      | Noticed Prince Ribbit
  5263 | D:5      | Killed Edmund
  5264 | D:5      | Reached skill level 3 in Maces & Flails
  5635 | D:5      | Found an iron altar of Okawaru.
  5669 | D:5      | Reached XP level 8. HP: 42/59 MP: 3/12
  6095 | D:5      | Killed Duvessa
  6174 | D:5      | Killed Dowan
  6238 | D:5      | Killed Prince Ribbit
  6239 | D:5      | Reached skill level 4 in Maces & Flails
  6567 | D:5      | Found a glowing silver altar of Zin.
  7051 | D:6      | Noticed Sigmund
  7059 | D:6      | Killed Sigmund
  7060 | D:6      | Reached skill level 5 in Maces & Flails
  7060 | D:6      | Reached XP level 9. HP: 35/64 MP: 0/15
  7074 | D:6      | Noticed Menkaure
  7120 | D:6      | Killed Menkaure
  7121 | D:6      | Found a runed translucent door.
  7122 | D:6      | Noticed Crazy Yiuf
  7124 | D:6      | Killed Crazy Yiuf
  7474 | D:6      | Lost mutation: You are agile. (Dex +2) [potion of mutation]
  7474 | D:6      | Lost mutation: You have a pair of small horns on your head.
                  | [potion of mutation]
  7474 | D:6      | Lost mutation: You tend to lose your temper in combat.
                  | [potion of mutation]
  7474 | D:6      | Lost mutation: You do not regenerate when monsters are
                  | visible. [potion of mutation]
  7474 | D:6      | Gained mutation: You are frail. (-10% HP) [potion of
                  | mutation]
  7474 | D:6      | Gained mutation: Your spells are a little harder to cast,
                  | but a little more powerful. [potion of mutation]
  7474 | D:6      | Gained mutation: You have a pair of small antennae on your
                  | head. [potion of mutation]
  7669 | D:6      | Found Ruhax's Antique Weapon Emporium.
  7790 | D:6      | Noticed a troll
  7810 | D:6      | Killed a troll
  7811 | D:6      | Reached skill level 6 in Maces & Flails
  7811 | D:6      | Reached skill level 5 in Dodging
  7811 | D:6      | Reached skill level 5 in Spellcasting
  7910 | D:6      | Found a runed translucent gate.
  7910 | D:6      | Found a runed translucent gate.
  7911 | D:6      | Found a runed translucent gate.
  7911 | D:6      | Noticed a gargoyle
  7912 | D:6      | Noticed oc3rt's ghost (novice KoHu)
  8282 | D:7      | Learned a level 2 spell: Blink
  8286 | D:7      | Learned a level 3 spell: Conjure Flame
  8295 | D:7      | Found a staircase to the Ecumenical Temple.
  8557 | Temple   | Entered the Ecumenical Temple
  9293 | D:7      | Reached skill level 5 in Translocations
  9700 | D:7      | Identified Uteoleor's Collected Works on Damaging Fire
  9822 | D:7      | Reached XP level 10. HP: 63/63 MP: 5/18
 10459 | D:6      | Bought a pitted great mace for 356 gold pieces
 10472 | D:7      | Identified the +9 great mace of the Glimmering Wolf {flame,
                  | rC+ Int+6 Dex-5} (You bought it in a shop on level 6 of the
                  | Dungeon)
 10722 | D:8      | Found Ibyumn's Jewellery Shoppe.
 10833 | D:8      | Found a hide-covered altar of Uskayaw.
 10961 | D:8      | Noticed Maurice
 10972 | D:8      | Killed Maurice
 10973 | D:8      | Reached skill level 7 in Maces & Flails
 12037 | D:9      | Found a radiant altar of Vehumet.
 12039 | D:9      | Found a shadowy altar of Dithmenos.
 12081 | D:9      | Became a worshipper of Vehumet
 12243 | D:9      | Reached skill level 8 in Maces & Flails
 12531 | D:9      | Found an ornate altar of the Wu Jian Council.
 13140 | D:10     | Entered Level 10 of the Dungeon
 13238 | D:10     | Found a portal to a secret trove of treasure.
 13328 | D:10     | Paralysed by a hornet for 1 turns
 13336 | D:10     | Reached skill level 5 in Stealth
 13836 | D:10     | Reached * piety under Vehumet
 13836 | D:10     | Offered knowledge of Sandblast by Vehumet.
 13880 | D:10     | Reached skill level 9 in Maces & Flails
 13979 | D:10     | Reached XP level 11. HP: 57/69 MP: 20/20
 14031 | D:10     | Found a staircase to the Orcish Mines.
 14133 | D:10     | Noticed a two-headed ogre
 14142 | D:10     | Killed a two-headed ogre
 14205 | D:10     | Noticed a boulder beetle
 14523 | D:10     | Killed a boulder beetle
 14946 | D:10     | Offered knowledge of Freeze by Vehumet.
 14956 | D:10     | Reached ** piety under Vehumet
 15376 | D:11     | Reached skill level 1 in Throwing
 15397 | D:11     | Found a staircase to the Lair.
 15600 | D:11     | Found an ornate altar of the Wu Jian Council.
 15626 | D:11     | Reached skill level 10 in Maces & Flails
 15878 | D:11     | Found a flagged portal.
 15886 | Bailey   | Entered a bailey
 15906 | Bailey   | Noticed an orc knight
 16071 | Bailey   | Offered knowledge of Stone Arrow by Vehumet.
 16081 | Bailey   | Killed an orc knight
 16082 | Bailey   | Reached skill level 1 in Fire Magic
 16094 | Bailey   | Reached *** piety under Vehumet
 16828 | D:11     | Noticed a two-headed ogre
 16841 | D:11     | Killed a two-headed ogre
 17170 | D:12     | Offered knowledge of Inner Flame by Vehumet.
 17239 | D:12     | Noticed a two-headed ogre
 17243 | D:12     | Noticed a cyan ugly thing
 17248 | D:12     | Killed a cyan ugly thing
 17248 | D:12     | Noticed a two-headed ogre
 17252 | D:12     | Killed a two-headed ogre
 17666 | D:12     | Reached **** piety under Vehumet
 17868 | D:12     | Reached XP level 12. HP: 53/74 MP: 14/23
 17874 | D:12     | Killed a two-headed ogre
 18018 | D:12     | Reached skill level 1 in Evocations
 18348 | D:12     | Reached skill level 1 in Staves
 18517 | D:12     | Offered knowledge of Bolt of Magma by Vehumet.
 18532 | D:12     | You fall into a shaft and drop 1 floor!
 18557 | D:13     | Noticed a centaur warrior
 18562 | D:13     | Slain by a large slime creature

Illustrated notes

Levels and vault maps discovered:
D:1:      roderic_crossed_star, layout_basic, hex_large,
          minmay_misc_feat_plants, minmay_indecisive_spiral
D:2:      layout_basic, nicolae_overflow_hidden_temple,
          chequers_ecumenical_altar_simple
D:3:      layout_basic
D:4:      minmay_recursive_quarters, layout_loops_ring, fountainhead,
          hangedman_decor_peaks_small
D:5:      layout_loops_cross, pdpol_temple_overflow_zin_treasury_gozag_greed,
          kennysheep_okawaru_gauntlet, kennysheep_donut, uniq_edmund,
          uniq_duvessa, uniq_prince_ribbit1, uniq_blork_the_orc
D:6:      layout_loops_cross, serial_shops, kennysheep_mini_moat,
          gammafunk_ghost_split, grunt_tough_drop, uniq_menkaure,
          uniq_crazy_yiuf_cottage, uniq_sigmund
D:7:      lemuel_ratsnest, layout_basic, minmay_temple_entry_large_hall,
          minmay_misc_feat_hallway
D:8:      layout_loops_ring, old_standard_altar, serial_shops,
          nicolae_shop_stone, uniq_maurice
D:9:      layout_loops_ring, fiery_altar_vehumet, lemuel_doored_altar,
          grunt_dithmenos_smoke
D:10:     layout_gridville, david_orc_2, enter_trove_1
D:11:     layout_basic, grunt_lair_entry_orc_guard_hut, enter_bailey_2,
          amcnicky_altar_gilded
D:12:     layout_loops_cross, gauntlet_entry_generic,
          nrook_guardian_serpent_ordinary
D:13:     layout_cave_pools, hangedman_vaults_entry_quadrant_bands
Temple:   regret_index_temple_generic_petals

Skill      XL: |  1  2  3  4  5  6  7  8  9 10 11 12 |
---------------+-------------------------------------+-----
Fighting       | 1 |  1.8
Translocations | 1 2 3 4 5 6 |  6.6
Necromancy     | 1 |  1.6
Conjurations   | 5 6 7 8 9 |  9.8
Maces & Flails | 2 3 5 6 9 10 | 10.7
Dodging        | 2 3 4 5 6 7 |  7.0
Stealth        | 2 3 4 5 |  5.5
Spellcasting   | 3 4 5 6 7 |  7.9
Throwing       | 1 |  1.8
Fire Magic     | 1 2 |  2.0
Evocations     | 1 |  1.0
Staves         | 1 |  1.1

Action                   |  1- 3 |  4- 6 |  7- 9 | 10-12 || total
-------------------------+-------+-------+-------+-------++-------
Melee: Unarmed           |    58 |       |       |       ||    58
       Tailslap          |     9 |    23 |    20 |    18 ||    70
       Whip              |    60 |   119 |   175 |    89 ||   443
       Headbutt          |     1 |    18 |    16 |       ||    35
       Great mace        |       |       |       |   144 ||   144
Throw: Boomerang         |       |       |     1 |     2 ||     3
       Dart              |       |       |       |     8 ||     8
 Cast: Magic Dart        |    18 |    12 |    23 |    37 ||    90
       Searing Ray       |     3 |     9 |    47 |    71 ||   130
       Iskenderun's Myst |       |     1 |    27 |    74 ||   102
       Conjure Flame     |       |       |     2 |     5 ||     7
       Blink             |       |       |       |     1 ||     1
Evoke: Wand              |       |       |     1 |     2 ||     3
  Use: Potion            |     3 |       |     7 |     7 ||    17
       Scroll            |     8 |     3 |     6 |    13 ||    30
 Stab: Sleeping          |     7 |     5 |     3 |     7 ||    22
Armor: Skin              |    50 |    38 |    46 |   120 ||   254
Dodge: Dodged            |    98 |    93 |   151 |   310 ||   652
